 Dungeon Crawl Stone Soup version 0.23-a0-650-ga4d50d4d25 (webtiles) character file.

368 Notair the Chopper (level 6, -2/53 HPs)
             Began as a Minotaur Gladiator on Jan 7, 2019.
             Slain by an ogre
             ... wielding a +0 giant club
              (16 damage)
             ... on level 4 of the Dungeon.
             The game lasted 00:06:55 (2634 turns).

Notair the Chopper (Minotaur Gladiator)             Turns: 2634, Time: 00:06:55

Health: -2/53      AC: 12    Str: 18    XL:     6   Next: 41%
Magic:  5/5        EV:  6    Int:  7    God:
Gold:   227        SH:  0    Dex: 12    Spells: 5/5 levels left

rFire    . . .     SeeInvis .   a - +0 war axe
rCold    . . .     Gourm    .   (no shield)
rNeg     . . .     Faith    .   r - +0 plate armour
rPois    .         Spirit   .   c - +0 hat
rElec    .         Reflect  .   k - +0 cloak
rCorr    .         Harm     .   (no gloves)
MR       .....                  (no boots)
Stlth    ..........             (no amulet)
HPRegen  0.17/turn              (no ring)
MPRegen  0.09/turn              (no ring)

@: no status effects
A: retaliatory headbutt, horns 2
a: no special abilities


You were on level 4 of the Dungeon.
You were near starving.

You visited 1 branch of the dungeon, and saw 4 of its levels.

You collected 227 gold pieces.

Inventory:

Hand Weapons
 a - a +0 war axe (weapon)
Missiles
 d - 4 throwing nets (quivered)
 h - 26 poisoned needles
Armour
 b - a +0 leather armour
 c - a +0 hat (worn)
 k - a +0 cloak (worn)
 r - a +0 plate armour (worn)
Jewellery
 e - a +3 amulet of reflection {unknown}
 m - an uncursed amulet of regeneration {unknown}
 u - an uncursed amulet of faith {unknown}
Scrolls
 g - 2 scrolls of teleportation {unknown}
 i - a scroll of immolation {unknown}
 j - a scroll of enchant weapon {unknown}
 n - 2 scrolls of identify {unknown}
 p - 2 scrolls of enchant armour {unknown}
 s - a scroll of remove curse {unknown}
 t - a scroll of amnesia {unknown}
Potions
 l - a potion of might
 o - a potion of invisibility {unknown}
 q - a potion of lignification {unknown}
 v - a potion of berserk rage {unknown}
Comestibles
 f - 6 rations


   Skills:
 + Level 4.5 Fighting
 * Level 6.7 Axes
 - Level 2.0 Throwing
 + Level 3.6 Armour
 - Level 3.2 Dodging


You had 5 spell levels left.
You didn't know any spells.
Your spell library was empty.

Dungeon Overview and Level Annotations

Branches:
Dungeon (4/15)
 Temple: D:4-7

Altars:
Nemelex Xobeh
Trog


Innate Abilities, Weirdness & Mutations

You reflexively headbutt those who attack you in melee.
You have a pair of horns on your head.


Message History

An ogre comes into view. It is wielding a +0 giant club.
The ogre hits you with a +0 giant club!
You closely miss the ogre.
You headbutt the ogre, but do no damage.
The ogre hits you with a +0 giant club.
You barely miss the ogre. You headbutt the ogre.
The ogre is lightly wounded.
The ogre hits you with a +0 giant club.
Your plate armour prevents you from hitting the ogre.
Your headbutt misses the ogre.
The ogre is lightly wounded.
The ogre hits you with a +0 giant club!
* * * LOW HITPOINT WARNING * * *
You hit the ogre.
The ogre is moderately wounded.
The ogre hits you but does no damage.
You hit the ogre. Your headbutt misses the ogre.
The ogre is heavily wounded.
The ogre hits you with a +0 giant club!
You die...

#..##.## ##...
#...#..## #....
######..####....##
### ###.....##..
#.# ##.#####..#
#.# #..# ##.# #.#
#.## .. #O# ##.#
.. #@#####..# .#
##.......##
#..###.....### #.
### ##......##.
#.........
##.......#
#......## .
#......# #
#......##


You could see an ogre.

Vanquished Creatures
  A sky beast (D:3)
  An ogre (D:3)
  An orc wizard (D:3)
  4 adders
  2 oozes
  3 worms (D:2)
  4 dart slugs
  A leopard gecko (D:3)
  14 orcs
  A ball python (D:3)
  11 goblins
  15 hobgoblins
  7 jackals
  10 kobolds
  A quokka (D:3)
  6 frilled lizards
  8 rats
90 creatures vanquished.

Notes
Turn   | Place    | Note
-------+----------+-------------------------------------------
     0 | D:1      | Notair the Minotaur Gladiator began the quest for the Orb.
     0 | D:1      | Reached XP level 1. HP: 18/18 MP: 0/0
    71 | D:1      | Reached skill level 4 in Axes
    71 | D:1      | Reached XP level 2. HP: 22/25 MP: 1/1
   100 | D:1      | Reached skill level 1 in Armour
   640 | D:1      | Reached XP level 3. HP: 30/31 MP: 2/2
  1116 | D:2      | Found a sparkling altar of Nemelex Xobeh.
  1207 | D:2      | Reached skill level 5 in Axes
  1207 | D:2      | Reached XP level 4. HP: 37/38 MP: 3/3
  1795 | D:3      | Reached XP level 5. HP: 32/46 MP: 4/4
  2141 | D:3      | Found a bloodstained altar of Trog.
  2329 | D:4      | Noticed a sky beast
  2333 | D:4      | Noticed an ogre
  2344 | D:3      | Killed an ogre
  2344 | D:3      | Reached skill level 6 in Axes
  2344 | D:3      | Reached XP level 6. HP: 28/52 MP: 5/5
  2350 | D:3      | Killed a sky beast
  2634 | D:4      | Slain by an ogre

Vault maps used:
D:1:      dpeg_arrival_long_road
D:2:      grunt_ministairs_5, nemelex_dance_club_becter
D:3:      serial_glass, glass_columns_a, glass_columns_b, trog_hazing_becter
D:4:      minmay_temple_entry_junction_2, first_ration, amethyst_killhole,
          uniq_grinder

Skill      XL: |  1  2  3  4  5 |
---------------+----------------+-----
Axes           | 4 5 6 |  6.7
Armour         | 1 2 3 |  3.6
Fighting       | 3 4 |  4.5
Throwing       | |  2.0
Dodging        | |  3.2

Action                   |  1- 3 |  4- 6 || total
-------------------------+-------+-------++-------
Melee: War axe           |    80 |   125 ||   205
       Headbutt          |    14 |    20 ||    34
  Use: Potion            |       |     1 ||     1
  Eat: Chunk             |       |     4 ||     4
Armor: Leather armour    |    10 |     4 ||    14
       Plate armour      |       |   110 ||   110
Dodge: Dodged            |    45 |    64 ||   109

Table legend:
 A = Non-vault XP
 B = Vault XP
 C = Vault XP percentage of total XP
 D = Non-vault monster count
 E = Vault monster count
 F = Vault count percentage of total count
                 A         B        C        D         E       F
            +---------+---------+-------+---------+---------+-------
      Total |     500 |      26 |   4.9 |      80 |      10 |  11.1
            +---------+---------+-------+---------+---------+-------
        D:1 |      42 |       0 |   0.0 |      19 |       0 |   0.0
        D:2 |      72 |      16 |  18.2 |      24 |       4 |  14.3
        D:3 |     386 |      10 |   2.5 |      37 |       6 |  14.0
            +---------+---------+-------+---------+---------+-------
